 Dungeon Crawl Stone Soup version 0.31.0-11-ge490571c62 (webtiles) character file.

Game seed: 11177932985296808121

1622 qw the Skirmisher (level 8, -3/46 HPs)
             Began as a Deep Elf Hunter on Feb 3, 2024.
             Slain by an orc warrior
             ... wielding a +0 glaive
              (15 damage)
             ... on level 7 of the Dungeon.
             The game lasted 00:02:03 (5301 turns).

qw the Skirmisher (Deep Elf Hunter)                 Turns: 5301, Time: 00:02:04

Health: -3/46      AC: 12    Str: 16    XL:     8   Next: 65%
Magic:  10/10      EV: 16    Int: 15    God:
Gold:   401        SH:  0    Dex: 18    Spells: 7/7 levels left

rFire   . . .        a - +2 shortbow (freeze)
rCold   . . .        (shield currently unavailable)
rNeg    . . .        p - +4 scale mail "Jim Zautt" {rPois SInv}
rPois   +            (no helmet)
rElec   .            e - +0 cloak
rCorr   .            c - +0 pair of gloves
SInv    +            (no boots)
Will    .....        f - amulet of faith
Stlth   +            i - +6 ring of strength
HPRegen 0.27/turn    k - +5 ring of evasion
MPRegen 0.12/turn

%: faith
@: no status effects
A: no striking features
a: no special abilities


You were on level 7 of the Dungeon.
You visited 2 branches of the dungeon, and saw 8 of its levels.

You collected 459 gold pieces.
You spent 58 gold pieces at shops.


   Skills:
 - Level 3.0 Fighting
 + Level 13.8 Ranged Weapons
 - Level 1.1 Armour
 - Level 4.0 Dodging
 - Level 1.2 Stealth


You had 7 spell levels left.
You didn't know any spells.
Your spell library was empty.

Inventory:

Hand Weapons
 a - a +2 shortbow of freezing (weapon)
Armour
 c - a +0 pair of gloves (worn)
 e - a +0 cloak (worn)
 p - the +4 scale mail "Jim Zautt" (worn) {rPois SInv}
   (You found it on level 3 of the Dungeon)

   rPois:     It protects you from poison SInv: It lets you see invisible.
Jewellery
 f - an amulet of faith (around neck)
 i - a +6 ring of strength (left hand)
 k - a +5 ring of evasion (right hand)
Wands
 b - a wand of light (7)
Scrolls
 d - a scroll of teleportation
 j - a scroll of blinking {unknown}
Potions
 g - 4 potions of curing
 h - a potion of mutation
 n - a potion of might

Dungeon Overview and Level Annotations

Branches:
Dungeon (7/15)             Temple (1/1) D:6

Altars:
Ashenzari
Dithmenos
Fedhas
Gozag
Hepliaklqana
Kikubaaqudgha
Nemelex Xobeh
Ru
Sif Muna
Trog
Uskayaw
Vehumet
Wu Jian
Xom
Yredelemnul
Zin

Shops:
D:3 [

Annotations:
D:6 3 runed translucent doors, qw's ghost, amateur DEHu


Message History

You shoot an arrow.
The arrow closely misses the orc warrior.
The orc wizard shouts!
The arrow hits the orc wizard!
The arrow freezes the orc wizard.
The orc wizard is heavily wounded.
You shoot an arrow. The arrow hits the orc warrior.
The arrow freezes the orc warrior.
The orc warrior is lightly wounded.
You shoot an arrow.
The arrow hits the orc warrior but does no damage.
The orc warrior is lightly wounded.
The orc warrior hits you from afar with a +0 glaive!
You shoot an arrow. The arrow hits the orc warrior!
The arrow freezes the orc warrior.
The orc warrior is heavily wounded.
The orc warrior misses you.
You shoot an arrow.
The arrow completely misses the orc warrior.
The arrow hits the orc wizard but does no damage.
The orc wizard is heavily wounded.
The orc warrior closely misses you.
You shoot an arrow.
The arrow barely misses the orc warrior.
The orc wizard gestures at you while chanting.
The magic dart hits you.
The orc warrior hits you from afar with a +0 glaive!
You shoot an arrow. The arrow hits the orc warrior.
The arrow freezes the orc warrior.
The orc warrior is heavily wounded.
The orc warrior misses you.
You shoot an arrow.
The arrow closely misses the orc wizard.
The arrow hits the orc warrior!
The arrow freezes the orc warrior.
The orc warrior is almost dead.
The orc warrior hits you from afar with a +0 glaive!
You shoot an arrow.
The arrow hits the orc wizard but does no damage.
The orc wizard is heavily wounded.
The orc warrior hits you from afar with a +0 glaive!
You die...

............#
#####..#
...........#
#..#
...........#
#...
....###....#
#.## ... #....#
. #....# ...
#....#
#....##....#
.......@.o.#
.......o###)[..
........# ....
........# ...
........# ..
........#
#########


You could see an orc warrior and an orc wizard.

Vanquished Creatures
  A steam dragon (D:7)
  2 ogres
  A centaur (D:7)
  2 bullfrogs
  8 wights
  2 bombardier beetles
  A hound (D:4)
  A jelly (D:7)
  5 orc priests
  2 gnoll boudas
  4 iguanas
  A sleepcap (D:4)
  8 gnolls
  5 adders
  A ribbon worm (D:3)
  4 dart slugs
  16 orcs
  7 endoplasms
  5 giant cockroaches
  10 hobgoblins
  3 jackals (D:2)
  5 kobolds
  3 quokkas
  8 ball pythons
  7 bats
  4 frilled lizards
  6 goblins
  11 rats
133 creatures vanquished.

Notes
Turn   | Place    | Note
-------+----------+-------------------------------------------
     0 | D:1      | qw the Deep Elf Hunter began the quest for the Orb.
     0 | D:1      | Reached XP level 1. HP: 12/12 MP: 3/3
     0 | D:1      | 0 ||| qw: Version: 0.3-a-155-g5e7d8dd
     0 | D:1      | 0 ||| qw: Game counter: 3429
     0 | D:1      | 0 ||| qw: Melee chars always use a shield: true
     0 | D:1      | 0 ||| qw: God list: Okawaru
     0 | D:1      | 0 ||| qw: Allow faded altars: false
     0 | D:1      | 0 ||| qw: Do Orc after clearing Dungeon:15 true
     0 | D:1      | 0 ||| qw: Do second Lair branch before Depths: true
     0 | D:1      | 0 ||| qw: Lair rune preference: random
     0 | D:1      | 0 ||| qw: Goals: Normal
     0 | D:1      | 0 ||| PLANNING D:1-11
   189 | D:1      | Reached XP level 2. HP: 16/16 MP: 4/4
   218 | D:1      | Reached skill level 6 in Ranged Weapons
   423 | D:1      | Reached XP level 3. HP: 16/20 MP: 5/5
   588 | D:1      | Found a faded altar of an unknown god.
   747 | D:1      | 747 ||| UPGRADING to +0 ring mail.
   757 | D:1      | 757 ||| DROPPING +0 leather armour.
   758 | D:1      | 758 ||| UPGRADING to +0 cloak.
   763 | D:1      | 763 ||| UPGRADING to +6 ring of strength.
   764 | D:1      | 764 ||| DRINKING 2 inky potions.
   765 | D:1      | 765 ||| DROPPING scroll of butterflies.
   804 | D:2      | 804 ||| STAIRDANCE
   823 | D:2      | 823 ||| STAIRDANCE
   853 | D:2      | Reached skill level 7 in Ranged Weapons
  1336 | D:2      | 1336 ||| UPGRADING to +5 ring of evasion.
  1337 | D:2      | 1337 ||| READING scroll labelled ISAKHAH HAIL.
  1337 | D:2      | 1337 ||| IDENTIFYING smoky amethyst potion
  1338 | D:2      | 1338 ||| READING scroll labelled SARGHU YKUT.
  1341 | D:2      | 1341 ||| READING scroll labelled PUISTR NIFE.
  1442 | D:2      | 1442 ||| READING scroll labelled UCLASH YLOORE.
  1442 | D:2      | 1442 ||| ENCHANTING +0 shortbow.
  1489 | D:3      | Found Macarch's Armour Boutique.
  1499 | D:3      | 1499 ||| BUYING +0 pair of gloves (58 gold).
  1499 | D:3      | Bought a +0 pair of gloves for 58 gold pieces
  1499 | D:3      | 1499 ||| SHOPLISTING +2 ring mail of poison resistance (234
                  | gold, have 113).
  1499 | D:3      | 1499 ||| SHOPLISTING +3 ring mail of Defiance {rF- rC++
                  | Int+4} (583 gold, have 113).
  1499 | D:3      | 1499 ||| SHOPLISTING +5 scale mail "Neulil" {rN+ rCorr}
                  | (595 gold, have 113).
  1531 | D:3      | Reached XP level 4. HP: 25/25 MP: 6/6
  1575 | D:3      | Found a shadowy altar of Dithmenos.
  1587 | D:3      | HP: 5/25 [orc/+0 hand axe (3)]
  1588 | D:3      | 1588 ||| DRINKING potion of heal wounds.
  1591 | D:3      | Reached skill level 8 in Ranged Weapons
  1811 | D:3      | Identified the +4 scale mail "Jim Zautt" {rPois SInv}
  2054 | D:3      | 2054 ||| UPGRADING to +0 pair of gloves.
  2059 | D:3      | 2059 ||| UPGRADING to +4 scale mail "Jim Zautt" {rPois
                  | SInv}.
  2069 | D:3      | 2069 ||| DROPPING +0 ring mail.
  2070 | D:3      | 2070 ||| READING scroll labelled VIQEEFI RIASMA.
  2115 | D:3      | 2115 ||| READING scroll labelled TUAPRUILIGH.
  2116 | D:3      | 2116 ||| READING scroll labelled YNLEBB KIOJ.
  2117 | D:3      | 2117 ||| DRINKING 2 pink potions.
  2118 | D:3      | 2118 ||| DRINKING 2 amethyst potions.
  2119 | D:3      | 2119 ||| DRINKING 2 metallic cyan potions.
  2120 | D:3      | 2120 ||| DROPPING potion of degeneration.
  2121 | D:3      | 2121 ||| DROPPING potion of invisibility.
  2122 | D:3      | 2122 ||| DROPPING potion of attraction.
  2167 | D:4      | Reached skill level 1 in Armour
  2167 | D:4      | Reached XP level 5. HP: 29/29 MP: 7/7
  2237 | D:4      | Reached skill level 9 in Ranged Weapons
  2365 | D:4      | Noticed an ogre
  2366 | D:4      | 2366 ||| ZAPPING wand of light (10) at 2,2 (ogre; floor).
  2367 | D:4      | 2367 ||| ZAPPING wand of light (9) at 1,1 (ogre; floor).
  2368 | D:4      | 2368 ||| ZAPPING wand of light (8) at 1,1 (ogre; floor).
  2368 | D:4      | Killed an ogre
  2369 | D:4      | Reached XP level 6. HP: 36/36 MP: 8/8
  2375 | D:4      | 2375 ||| RETREEEEATING.
  2378 | D:4      | 2378 ||| RETREEEEATING.
  2379 | D:4      | 2379 ||| RETREEEEATING.
  2380 | D:4      | 2380 ||| RETREEEEATING.
  2381 | D:4      | 2381 ||| RETREEEEATING.
  2384 | D:4      | 2384 ||| RETREEEEATING.
  2512 | D:4      | Found a sacrificial altar of Ru.
  2512 | D:4      | Found an opulent altar of Gozag.
  2980 | D:4      | Reached skill level 10 in Ranged Weapons
  3131 | D:4      | 3131 ||| READING 3 scrolls of identify.
  3131 | D:4      | 3131 ||| IDENTIFYING lumpy puce potion
  3132 | D:4      | 3132 ||| READING 2 scrolls of identify.
  3132 | D:4      | 3132 ||| IDENTIFYING coppery potion
  3133 | D:4      | 3133 ||| READING scroll of identify.
  3133 | D:4      | 3133 ||| IDENTIFYING scroll labelled GACKIS FAUPY
  3134 | D:4      | 3134 ||| READING 2 scrolls labelled EVVIESHOPS.
  3135 | D:4      | 3135 ||| DROPPING scroll of poison.
  3136 | D:4      | 3136 ||| DROPPING scroll of summoning.
  3148 | D:5      | Entered Level 5 of the Dungeon
  3351 | D:5      | Found a radiant altar of Vehumet.
  3416 | D:5      | Reached XP level 7. HP: 18/40 MP: 9/9
  3643 | D:5      | 3643 ||| READING scroll of enchant weapon.
  3643 | D:5      | 3643 ||| ENCHANTING +1 shortbow.
  4096 | D:5      | 4096 ||| READING scroll labelled DECULOECOINN.
  4096 | D:5      | 4096 ||| BRANDING +2 shortbow.
  4188 | D:6      | Found a staircase to the Ecumenical Temple.
  4189 | D:6      | 4189 ||| PLANNING TEMPLE
  4189 | D:6      | 4189 ||| READING scroll of identify.
  4189 | D:6      | 4189 ||| IDENTIFYING scroll labelled REIGGAAGIS
  4189 | D:6      | Identified a scroll of acquirement
  4190 | D:6      | 4190 ||| READING scroll of acquirement.
  4190 | D:6      | 4190 ||| ACQUIRING amulet of faith
  4190 | D:6      | Acquired an amulet of faith
  4192 | D:6      | 4192 ||| UPGRADING to amulet of faith.
  4204 | Temple   | Entered the Ecumenical Temple
  4205 | Temple   | 4205 ||| PLANNING D:1-11
  4261 | D:6      | Reached skill level 11 in Ranged Weapons
  4261 | D:6      | 4261 ||| FLEEEEING.
  4569 | D:6      | Found a runed translucent gate.
  4570 | D:6      | Found a runed translucent gate.
  4571 | D:6      | Found a runed translucent gate.
  4572 | D:6      | Noticed a kobold demonologist
  4574 | D:6      | Noticed qw's ghost (amateur DEHu)
  4785 | D:7      | 4785 ||| STAIRDANCE
  4790 | D:7      | 4790 ||| STAIRDANCE
  4795 | D:6      | Reached XP level 8. HP: 38/45 MP: 10/10
  4826 | D:7      | Reached skill level 12 in Ranged Weapons
  4860 | D:7      | Reached skill level 3 in Fighting
  4953 | D:7      | Reached skill level 13 in Ranged Weapons
  4953 | D:7      | 4953 ||| Stepping ~*~*~tactically~*~*~ (cloud).
  4956 | D:7      | 4956 ||| Stepping ~*~*~tactically~*~*~ (cloud).
  5163 | D:7      | 5163 ||| FLEEEEING.
  5165 | D:7      | 5165 ||| FLEEEEING.
  5166 | D:7      | 5166 ||| FLEEEEING.
  5167 | D:7      | 5167 ||| FLEEEEING.
  5167 | D:7      | Found an ornate altar of the Wu Jian Council.
  5168 | D:7      | 5168 ||| FLEEEEING.
  5169 | D:7      | 5169 ||| FLEEEEING.
  5170 | D:7      | 5170 ||| FLEEEEING.
  5231 | D:7      | 5231 ||| FLEEEEING.
  5232 | D:7      | 5232 ||| FLEEEEING.
  5233 | D:7      | 5233 ||| FLEEEEING.
  5234 | D:7      | 5234 ||| FLEEEEING.
  5237 | D:7      | 5237 ||| FLEEEEING.
  5238 | D:7      | 5238 ||| FLEEEEING.
  5242 | D:7      | 5242 ||| FLEEEEING.
  5243 | D:7      | 5243 ||| FLEEEEING.
  5244 | D:7      | 5244 ||| FLEEEEING.
  5245 | D:7      | 5245 ||| FLEEEEING.
  5246 | D:7      | 5246 ||| FLEEEEING.
  5301 | D:7      | Slain by an orc warrior

Levels and vault maps discovered:
D:1:      eino_arrival_cavern_a, layout_loops_ring,
          shapermc_ecumenical_altar_mp_vishouse, minmay_split_cup_large
D:2:      layout_rooms
D:3:      layout_basic, mainiacjoe_overflow_24_doors, serial_shops,
          nicolae_shop_statue_plus, grunt_decor_one_mirror
D:4:      layout_basic, gammafunk_temple_overflow_statue
D:5:      layout_basic, mainiacjoe_overflow_tiny_flanked, roderic_lattice_a
D:6:      layout_rooms, temple_statues, gammafunk_ghost_nasty_kobolds
D:7:      layout_basic, demons_altar, mainiacjoe_overflow_small_starburst,
          jmf_multi_god_temple, enter_bailey_8, uniq_maurice, uniq_maggie
Temple:   minmay_freezing_vapour_temple

Skill      XL: |  1  2  3  4  5  6  7  8 |
---------------+-------------------------+-----
Ranged Weapons | 6 7 8 9 10 11 13 | 13.8
Armour         | 1 |  1.1
Fighting       | 2 3 |  3.0
Dodging        | 4 |  4.0
Stealth        | |  1.2

Action                     |  1- 3 |  4- 6 |  7- 9 || total
---------------------------+-------+-------+-------++-------
   Fire: Shortbow          |   165 |   166 |   161 ||   492
  Evoke: Wand              |       |     3 |       ||     3
    Use: Scroll            |     4 |     7 |     4 ||    15
         Potion            |     1 |     4 |       ||     5
 Armour: Leather armour    |     5 |       |       ||     5
         Ring mail         |    38 |    16 |       ||    54
         Scale mail        |       |    47 |    36 ||    83
  Dodge: Dodged            |    51 |    87 |    56 ||   194

Table legend:
 A = Non-vault XP
 B = Vault XP
 C = Vault XP percentage of total XP
 D = Non-vault monster count
 E = Vault monster count
 F = Vault count percentage of total count
                 A         B        C        D         E       F
            +---------+---------+-------+---------+---------+-------
      Total |    2224 |      94 |   4.1 |     127 |       6 |   4.5
            +---------+---------+-------+---------+---------+-------
        D:1 |      50 |       8 |  13.8 |      29 |       4 |  12.1
        D:2 |      25 |       0 |   0.0 |      17 |       0 |   0.0
        D:3 |     108 |       0 |   0.0 |      21 |       0 |   0.0
        D:4 |     489 |       0 |   0.0 |      26 |       0 |   0.0
        D:5 |     241 |       0 |   0.0 |       7 |       0 |   0.0
        D:6 |     515 |       0 |   0.0 |      11 |       0 |   0.0
        D:7 |     796 |      86 |   9.8 |      16 |       2 |  11.1
            +---------+---------+-------+---------+---------+-------
